 Dungeon Crawl Stone Soup version 0.16.1-29-g3e760ad (webtiles) character file.

667 ztt the Chopper (level 7, -3/63 HPs)
             Began as a Minotaur Berserker on June 10, 2015.
             Was a Believer of Trog.
             Splashed by a jelly's acid (12 damage)
             ... on level 6 of the Dungeon.
             The game lasted 00:06:56 (1517 turns).

ztt the Chopper (Minotaur Berserker)                Turns: 1517, Time: 00:06:56

Health: -3/63      AC: -17   Str: 23    XL:     7   Next: 31%
Magic:  3/3        EV: 13    Int:  4    God:    Trog [**....]
Gold:   24         SH:  0    Dex: 10    Spells: 0 memorised, 6 levels left

rFire  . . .     SeeInvis .     a - +0 hand axe
rCold  . . .     Clarity  .     b - +0 animal skin
rNeg   . . .     SustAb   .     (no shield)
rPois  .         Gourm    .     l - +0 hat
rElec  .         Spirit   .     (no cloak)
rCorr  .         Warding  .     (no gloves)
rMut   .         Stasis   .     (no boots)
MR     .....                    (no amulet)
Stlth  +.........               (no ring)
                                (no ring)

@: corroded equipment, not resistant to hostile enchantments, very unstealthy
A: retaliatory headbutt, horns 2
a: Burn Spellbooks, Berserk, Trog's Hand, Renounce Religion


You were on level 6 of the Dungeon.
You worshipped Trog.
Trog was pleased with you.
You were not hungry.

You visited 1 branch of the dungeon, and saw 6 of its levels.

You collected 24 gold pieces.

Inventory:

Hand weapons
 a - a +0 hand axe (weapon)
Armour
 b - a +0 animal skin (worn)
 l - a +0 hat (worn)
Scrolls
 g - a scroll of identify {unknown}
Potions
 c - a potion of might {unknown}
 d - a potion of restore abilities {unknown}
 e - a potion of curing {unknown}
 h - a potion of ambrosia {unknown}
 j - a potion of magic {unknown}
 m - a potion of agility {unknown}


   Skills:
 + Level 6.3 Fighting
 + Level 6.6 Axes
 + Level 3.2 Armour
 + Level 5.2 Dodging
 + Level 0.5 Stealth


You had 6 spell levels left.
You didn't know any spells.

Dungeon Overview and Level Annotations

Branches:
Dungeon (6/15)             Temple (0/1) D:6

Altars:
Elyvilon


Innate Abilities, Weirdness & Mutations

You reflexively headbutt those who attack you in melee.
You have a pair of horns on your head.


Message History

The jelly quivers.
You slash the jelly! The acid corrodes your equipment!
The jelly is heavily wounded.
The jelly barely misses you.
You hit the jelly but do no damage. You headbutt the jelly.
The jelly is almost dead.
You hit the jelly but do no damage. The acid corrodes your equipment!
The jelly is almost dead.
The jelly hits you.
You are splashed with acid!
The acid burns!
You hit the jelly but do no damage.
The jelly is almost dead.
The jelly hits you.
You are splashed with acid!
The acid corrodes your equipment!
The acid burns!
* * * LOW HITPOINT WARNING * * *
You hit the jelly but do no damage.
The jelly is almost dead.
The jelly hits you.
* * * LOW HITPOINT WARNING * * *
You are splashed with acid!
The acid corrodes your equipment!
The acid burns!
You die...

#.#.#...#.#..
#.#.#........
#.#.#...#....
#.#o#........
+............
#.#.#.#.#....
###.#.#.#......
#######.....#.######.
#..J@.......#........
#.####.>...##########
#...............
#.....######.. .
##............
#....######.. #....#
#....# #...)#


You could see a jelly.

Vanquished Creatures
  A sky beast (D:6)
  An ogre (D:6)
  An orc warrior (D:6)
  5 wights (D:6)
  A giant frog skeleton (D:5)
  An orc priest (D:6)
  An iguana (D:4)
  2 orc wizards (D:6)
  A worker ant (D:6)
  4 gnolls (D:3)
  A giant gecko (D:1)
  An ooze (D:1)
  A bat (D:1)
  6 goblins
  2 kobolds (D:1)
  A ball python (D:1)
  3 jackals (D:6)
  A rat (D:6)
  A butterfly (D:6)
35 creatures vanquished.

Vanquished Creatures (others)
  A quokka (D:3)
1 creature vanquished.

Grand Total: 36 creatures vanquished

Notes
Turn   | Place    | Note
--------------------------------------------------------------
     0 | D:1      | ztt, the Minotaur Berserker, began the quest for the Orb.
     0 | D:1      | Reached XP level 1. HP: 19/19 MP: 1/1
   112 | D:1      | Reached XP level 2. HP: 6/27 MP: 1/1
   394 | D:3      | Reached skill level 4 in Fighting
   398 | D:3      | Reached XP level 3. HP: 23/33 MP: 2/2
   419 | D:3      | Found a white marble altar of Elyvilon.
   435 | D:3      | HP: 1/49 [gnoll/spear (5)]
   668 | D:4      | Reached XP level 4. HP: 27/41 MP: 2/2
   685 | D:5      | Entered Level 5 of the Dungeon
   751 | D:6      | Reached skill level 5 in Fighting
   751 | D:6      | Reached skill level 5 in Axes
   751 | D:6      | Reached XP level 5. HP: 12/48 MP: 2/2
   978 | D:6      | Reached XP level 6. HP: 8/56 MP: 3/3
  1202 | D:6      | Found a staircase to the Ecumenical Temple.
  1215 | D:6      | Noticed an ogre
  1216 | D:6      | Noticed an orc warrior
  1226 | D:6      | Killed an ogre
  1226 | D:6      | Reached skill level 6 in Axes
  1230 | D:6      | Killed an orc warrior
  1233 | D:6      | Reached XP level 7. HP: 63/63 MP: 3/3
  1236 | D:6      | Acquired Trog's second power
  1457 | D:6      | Noticed a sky beast
  1471 | D:6      | Killed a sky beast
  1471 | D:6      | Reached skill level 5 in Dodging
  1517 | D:6      | Splashed by a jelly's acid

Action                   |  1- 3 |  4- 6 |  7- 9 || total
-------------------------+-------+-------+-------++-------
Melee: Hand axe          |    45 |    45 |    24 ||   114
Invok: Berserk           |     2 |     4 |     1 ||     7
  Use: Scroll            |       |     2 |       ||     2
  Eat: Fruit             |     3 |       |       ||     3
       Bread ration      |       |     1 |       ||     1
       Meat ration       |       |       |     1 ||     1
       Chunk             |       |       |     1 ||     1
